 Dungeon Crawl Stone Soup version 0.20.0-10-g0535bb4 (webtiles) character file.

957 miragecloak the Insei (level 8, -1/48 HPs)
             Began as an Octopode Transmuter on June 6, 2017.
             Was an Initiate of Ashenzari.
             Slain by an orc
             ... wielding a +0 dagger
              (3 damage)
             ... on level 5 of the Dungeon.
             The game lasted 00:07:01 (5395 turns).

miragecloak the Insei (Octopode Transmuter)         Turns: 5395, Time: 00:07:02

Health: -1/48      AC:  2    Str:  9    XL:     8   Next: 14%
Magic:  8/11       EV: 30    Int: 15    God:    Ashenzari [......]
Gold:   186        SH:  0    Dex: 25    Spells: 7/11 levels left

rFire    . . .     SeeInvis .     - Unarmed
rCold    . . .     Gourm    .   (shield currently unavailable)
rNeg     + . .     Faith    .   (helmet currently unavailable)
rPois    x         Spirit   .   (no amulet)
rElec    .         Reflect  .   d - ring of positive energy (curse)
rCorr    .         Harm     .   (no ring)
MR       .....                  (no ring)
Stlth    +++.......             (no ring)
Regen    0.2/turn               (no ring)
MPRegen  0.2/turn               (no ring)
                                (no ring)
                                (no ring)

@: agile, spider-form (expiring)
A: almost no armour, stealthy swim, (amphibious), 8 rings, (constrict 8)
a: End Transformation, Curse Item, Renounce Religion


You were on level 5 of the Dungeon.
You worshipped Ashenzari.
Ashenzari was noncommittal.
You were not hungry.
You were a venomous arachnid creature.
You visited 2 branches of the dungeon, and saw 6 of its levels.

You collected 186 gold pieces.

Inventory:

Hand Weapons
 e - the +3 spear "Buukk" {freeze, +Blink rN+}
   (You found it on level 4 of the Dungeon)

   It has been specially enchanted to freeze those struck by it, causing extra
   injury to most foes and up to half again as much damage against particularly
   susceptible opponents.
   It can also slow down cold-blooded creatures.
   It protects you from negative energy.
   It lets you blink.
Missiles
 a - 63 arrows
Jewellery
 d - a cursed ring of positive energy (left front leg)
Wands
 u - a wand of acid (4/15)
 x - a wand of confusion (8/48)
 y - a wand of acid (4/15)
Scrolls
 g - 3 scrolls of teleportation {unknown}
 i - a scroll of remove curse
 k - a scroll of noise {unknown}
 l - 5 scrolls of recharging {unknown}
 n - 2 scrolls of enchant armour {unknown}
 o - a scroll of fear {unknown}
 r - a scroll of random uselessness {unknown}
 s - a scroll of magic mapping {unknown}
 v - 2 scrolls of identify {unknown}
Potions
 j - a potion of lignification {unknown}
 m - a potion of curing {unknown}
 t - a potion of cancellation {unknown}
 w - a potion of invisibility {unknown}
Books
 b - a book of Changes

   Spells                             Type                      Level
   a - Beastly Appendage              Transmutation                1
   b - Sticks to Snakes               Transmutation                2
   c - Spider Form                    Transmutation/Poison         3
   d - Ice Form                       Ice/Transmutation            4
   e - Blade Hands                    Transmutation                5
Comestibles
 c - 6 bread rations
 f - a meat ration
 q - 2 royal jellies


   Skills:
 - Level 1.0 Fighting
 + Level 4.8 Dodging
 + Level 7.1 Unarmed Combat
 - Level 2.0 Spellcasting
 - Level 4.1 Transmutations
 - Level 3.0 Poison Magic


You had 7 spell levels left.
You knew the following spells:

 Your Spells              Type           Power        Failure   Level  Hunger
a - Beastly Appendage     Tmut           ##....       13%         1    #......
b - Spider Form           Tmut/Pois      ##........   34%         3    ###....


Dungeon Overview and Level Annotations

Branches:
Dungeon (5/15)             Temple (1/1) D:4

Altars:
Ashenzari
Cheibriados
Elyvilon
Hepliaklqana
Kikubaaqudgha
Makhleb
Nemelex Xobeh
Qazlal
Ru
Sif Muna
Trog
Uskayaw
Vehumet
Xom
Yredelemnul
The Shining One

Annotations:
D:3 1 runed door, dscm's ghost, weakling OpEE


Innate Abilities, Weirdness & Mutations

You cannot wear most types of armour.
You are very stealthy in the water. (Stealth+)
((You are amphibious.))
You can wear up to eight rings at the same time.
((You can use your tentacles to constrict eight enemies at once.))
((Your skin changes colour to match your surroundings (Stealth+).))
((Your rubbery body absorbs attacks. (AC +1, EV +1)))


Message History

The orc wizard is heavily wounded.
The orc wizard casts a spell at you. The magic dart hits you!
* * * LOW HITPOINT WARNING * * *
The orc completely misses you.
You hit the orc wizard.
The orc wizard is poisoned.
The orc wizard is severely wounded.
Your transformation is almost over.
The orc wizard closely misses you. The orc barely misses you.
All of the chunks of flesh in your inventory have rotted away.
You barely miss the orc wizard.
The orc wizard is severely wounded.
The orc wizard casts a spell at you. The magic dart hits you!
* * * LOW HITPOINT WARNING * * *
The orc misses you.
It was a potion of agility.
You feel agile all of a sudden. The orc wizard completely misses you.
The orc hits you with a dagger.
You die...

#. #.h.# #. ###.#
#. #.#
##.#####o########
...........)..<.#
........####....#
........# #....#
##.###### #oo..# #
#s...# #)...# #.#
#. #....# ..
#.#########....#
##.
#.#............#
...#
#.#..........###
.... #.#..........#
....##.#.^........#
.....#.#..........#


You could see an orc wizard and an orc.

Vanquished Creatures
  3 ogres (D:4)
  A water moccasin zombie (D:5)
  4 crimson imps (D:4)
  A howler monkey (D:5)
  A hound (D:4)
  2 orc priests (D:5)
  3 orc wizards
  7 worker ants
  5 adders
  An adder zombie (D:5)
  2 adder skeletons (D:4)
  3 dart slugs
  3 worms
  3 leopard geckos
  5 orcs
  A ball python (D:4)
  A giant cockroach (D:4)
  7 goblins
  6 hobgoblins
  4 jackals (D:4)
  8 kobolds (D:1)
  4 quokkas
  9 bats
  5 frilled lizards
  4 rats
93 creatures vanquished.

Vanquished Creatures (others)
  2 plants (D:4)
2 creatures vanquished.

Grand Total: 95 creatures vanquished

Notes
Turn   | Place    | Note
-------+----------+-------------------------------------------
     0 | D:1      | miragecloak the Octopode Transmuter began the quest for the Orb.
     0 | D:1      | Reached XP level 1. HP: 13/13 MP: 3/3
   345 | D:1      | Reached XP level 2. HP: 18/18 MP: 3/5
   713 | D:1      | Reached XP level 3. HP: 15/23 MP: 6/6
  1375 | D:2      | Learned a level 3 spell: Spider Form
  1421 | D:2      | Reached skill level 1 in Poison Magic
  2070 | D:2      | Found a radiant altar of Vehumet.
  2070 | D:2      | Found a snail-covered altar of Cheibriados.
  2180 | D:2      | Reached XP level 4. HP: 28/28 MP: 7/7
  2644 | D:3      | Found a runed door.
  2658 | D:3      | Noticed dscm's ghost (weakling OpEE)
  3002 | D:4      | Found a staircase to the Ecumenical Temple.
  3011 | Temple   | Entered the Ecumenical Temple
  3158 | D:4      | Found a shattered altar of Ashenzari.
  3168 | D:4      | Reached XP level 5. HP: 22/33 MP: 8/8
  3263 | D:4      | Became a worshipper of Ashenzari the Shackled
  3286 | D:4      | Noticed an ogre
  3322 | D:4      | Killed an ogre
  3322 | D:4      | Reached skill level 4 in Unarmed Combat
  3357 | D:4      | Got the spear "Buukk" {freeze, +Blink rN+}
  3417 | D:4      | Found a shimmering altar of Xom.
  3438 | D:4      | Found a sacrificial altar of Ru.
  3441 | D:4      | Reached XP level 6. HP: 37/38 MP: 9/9
  3526 | D:4      | Reached skill level 5 in Unarmed Combat
  4108 | D:4      | Reached skill level 6 in Unarmed Combat
  4108 | D:4      | Reached XP level 7. HP: 43/43 MP: 8/10
  4294 | D:5      | Entered Level 5 of the Dungeon
  5207 | D:5      | Reached XP level 8. HP: 29/48 MP: 8/11
  5384 | D:5      | Reached skill level 7 in Unarmed Combat
  5394 | D:5      | HP: 2/48 [orc wizard/magic dart (6)]
  5395 | D:5      | Slain by an orc

Skill      XL: |  1  2  3  4  5  6  7  8 |
---------------+-------------------------+-----
Transmutations | 3 4 |  4.1
Poison Magic   | 1 3 |  3.0
Unarmed Combat | 4 6 7 |  7.1
Dodging        | 4 |  4.8
Fighting       | |  1.0
Spellcasting   | |  2.0

Action                   |  1- 3 |  4- 6 |  7- 9 || total
-------------------------+-------+-------+-------++-------
Melee: Unarmed           |    17 |    76 |    81 ||   174
       Constrict         |    27 |    14 |     6 ||    47
       Tentacles         |    19 |    18 |     3 ||    40
       Kick              |     4 |     1 |     1 ||     6
       Punch             |     4 |     2 |       ||     6
       Dagger            |    73 |    46 |       ||   119
 Cast: Beastly Appendage |     6 |     1 |     3 ||    10
       Spider Form       |       |    12 |    13 ||    25
Invok: Curse Item        |       |     1 |       ||     1
  Use: Potion            |       |       |     1 ||     1
 Stab: Sleeping          |     7 |     2 |       ||     9
       Paralysed         |       |     1 |       ||     1
  Eat: Chunk             |     3 |     8 |     7 ||    18
Armor: Skin              |    10 |    10 |     6 ||    26
Dodge: Dodged            |    48 |    85 |    56 ||   189
